 Dungeon Crawl Stone Soup version 0.20-a0-1050-g57248f3 (webtiles) character file.

342 Goblin1989 the Skirmisher (level 6, -5/51 HPs)
             Began as a Demonspawn Assassin on Apr 25, 2017.
             Was a Believer of Cheibriados.
             Slain by an ogre
             ... wielding a +0 giant spiked club
              (10 damage)
             ... on level 4 of the Dungeon.
             The game lasted 00:12:38 (4232 turns).

Goblin1989 the Skirmisher (Demonspawn Assassin)     Turns: 4232, Time: 00:12:38

Health: -5/51      AC:  8    Str: 17    XL:     6   Next: 30%
Magic:  6/6        EV:  9    Int: 17    God:    Cheibriados [**....]
Gold:   120        SH:  0    Dex: 18    Spells: 5/5 levels left

rFire    . . .     SeeInvis .   f - +0 hand axe
rCold    . . .     Gourm    .   (no shield)
rNeg     + . .     Faith    .   q - +0 scale mail
rPois    .         Spirit   .   (helmet restricted)
rElec    .         Reflect  .   d - +0 cloak
rCorr    .         Harm     .   r - +0 pair of gloves
MR       .....                  (no boots)
Stlth    +.........             (no amulet)
Regen    0.2/turn               c - ring of positive energy
MPRegen  0.1/turn               l - ring of flight

@: very slow
A: antennae 1, foul stench 1, powered by pain 1, rot immunity
a: Bend Time, Renounce Religion, Evoke Flight


You were on level 4 of the Dungeon.
You worshipped Cheibriados.
Cheibriados was pleased with you.
You were not hungry.

You visited 1 branch of the dungeon, and saw 4 of its levels.

You collected 120 gold pieces.

Inventory:

Hand Weapons
 f - a +0 hand axe (weapon)
 w - a +0 blowgun {@w1}
Missiles
 g - 38 poisoned needles
Armour
 a - a +0 chain mail
 d - a +0 cloak (worn)
 q - a +0 scale mail (worn)
 r - a +0 pair of gloves (worn)
Jewellery
 c - a ring of positive energy (left hand)
 l - a ring of flight (right hand)
Scrolls
 j - 2 scrolls of teleportation {unknown}
 m - 2 scrolls of remove curse {@r2}
 p - a scroll of blinking {unknown}
 s - 3 scrolls of fear {unknown}
 u - a scroll of amnesia {unknown}
 x - 2 scrolls of enchant weapon {unknown}
 y - 3 scrolls of noise {unknown}
 R - a scroll of identify {@r1}
Potions
 h - 2 potions of haste
 i - 3 potions of resistance
 k - a potion of lignification {unknown}
 v - 2 potions of curing {@q1}
 z - a potion of cancellation {unknown}
Comestibles
 e - 4 bread rations {@e1}
 n - 4 meat rations {@e2}
 o - a royal jelly
 t - 2 fruits


   Skills:
 + Level 5.5 Fighting
   Level 1.7 Short Blades
 * Level 2.2 Axes
 - Level 1.7 Throwing
 + Level 2.0 Armour
 - Level 0.8 Dodging
 - Level 3.6 Stealth


You had 5 spell levels left.
You didn't know any spells.

Dungeon Overview and Level Annotations

Branches:
Dungeon (4/15)
 Temple: D:4-7

Altars:
Cheibriados
Hepliaklqana
Makhleb
Nemelex Xobeh
Xom


Innate Abilities, Weirdness & Mutations

You have a pair of small antennae on your head.
You may emit foul miasma when damaged in melee.
You sometimes gain a little power by taking damage.
You are immune to rotting.


Message History

The scorpion barely misses you.
You barely miss the scorpion.
The scorpion is heavily wounded.
The scorpion barely misses you.
You hit the scorpion.
The scorpion is severely wounded.
The scorpion stings you.
You take 3 damage, and have 48/51 hp.
You hit the scorpion.
The scorpion is almost dead.
The scorpion barely misses you. The scorpion stings you.
You take 4 damage, and have 44/51 hp.
You hit the scorpion.
You kill the scorpion!
Cheibriados appreciates the change of pace.
Your Axes skill increases to level 2!
Your Armour skill increases to level 2!
You see here a scorpion corpse.
y - 3 scrolls labeled LEZAIG REYSK Health restored: 51 You see here a scorpion corpse.
Done exploring.
Done exploring.
All of the chunks of flesh in your inventory have rotted away.
There is a stone staircase leading down here.
You climb downwards.
There is a stone staircase leading up here.
Wear which item (? for menu, Esc to quit)
You start removing your armour.
You continue taking off your +0 ring mail. x4
You finish taking off your +0 ring mail.
You start putting on your armour.
You continue putting on your scale mail. x5
You finish putting on your +0 scale mail.
Unknown command.
Drop what? 27/52 slots (_ for help) (? for menu, Esc to quit)
You drop a +0 ring mail.
Put on which piece of jewellery? (? for menu, Esc to quit)
k - a ring of flight (right hand);
l - a ring of flight (right hand)
k - a silvery potion Unknown command.
You now have 120 gold pieces (gained 12).
h - 2 potions of haste (gained 1)
An ogre comes into view. It is wielding a giant spiked club.
An ogre is nearby!
Wield which item (- for none, * to show all)? (? for menu, Esc to quit)
w - a +0 blowgun (weapon)
{@w1} Quiver which item? (- for none, * to show all) (? for menu, Esc to quit)
Okay, then.
Firing (i - inventory):
g - 42 poisoned needles (quivered)
Press: ? - help, Shift-Dir - straight line, f - ogre
Aim: an ogre, wielding a giant spiked club (resting)
You shoot a poisoned needle. The poisoned needle hits the ogre.
Firing (i - inventory):
g - 41 poisoned needles (quivered)
Press: ? - help, Shift-Dir - straight line, f/p - ogre
Aim: an ogre, wielding a giant spiked club You shoot a poisoned needle.
The poisoned needle closely misses the ogre.
Firing (i - inventory):
g - 40 poisoned needles (quivered)
Press: ? - help, Shift-Dir - straight line, f/p - ogre
Aim: an ogre, wielding a giant spiked club You shoot a poisoned needle.
The poisoned needle hits the ogre.
The ogre is poisoned.
Firing (i - inventory):
g - 39 poisoned needles (quivered)
Press: ? - help, Shift-Dir - straight line, f/p - ogre
Aim: an ogre, wielding a giant spiked club (poisoned)
You shoot a poisoned needle.
The poisoned needle closely misses the ogre.
Wield which item (- for none, * to show all)? (? for menu, Esc to quit)
f - a +0 hand axe (weapon)
The ogre hits you with a giant spiked club!!
The ogre looks sick.
You take 20 damage, and have 31/51 hp.
MASSIVE DAMAGE!!
Unknown command.
You hit the ogre.
The ogre is moderately wounded.
The ogre hits you with a giant spiked club!
* * * LOW HITPOINT WARNING * * *
You take 12 damage, and have 19/51 hp.
MASSIVE DAMAGE!!
Unknown command.
You hit the ogre.
The ogre is heavily wounded.
The ogre barely misses you.
Unknown command.
You barely miss the ogre.
The ogre is heavily wounded.
The ogre looks more healthy.
Unknown command.
You hit the ogre but do no damage.
The ogre is heavily wounded.
The ogre hits you with a giant spiked club!
* * * LOW HITPOINT WARNING * * *
You emit a cloud of foul miasma!
You take 15 damage, and have 5/51 hp.
MASSIVE DAMAGE!!
Unknown command.
You hit the ogre.
The ogre is heavily wounded.
The ogre is engulfed in dark miasma.
The ogre is poisoned.
The ogre hits you with a giant spiked club!
You die...

██ ..█ . █.█ .. █.█
█.███.████
█........██████████
█..............█
█.......[@!.██.█
█.....████O.█
█.█..█..█ ..█
█..<█..█ (.█
██........█.(.
██..........█.
.██...█.██?██. .
.█.█.█ .█ .. █.
.█.█


You could see an ogre.

Vanquished Creatures
  A scorpion (D:3)
  A howler monkey (D:3)
  A hound (D:3)
  Natasha (thrice) (D:2)
  7 adders
  An ooze (D:1)
  A worm (D:3)
  A dart slug (D:3)
  3 leopard geckos
  4 orcs (D:3)
  2 ball pythons
  7 giant cockroaches
  6 hobgoblins
  3 quokkas
  8 bats
  7 frilled lizards
  8 goblins
  10 kobolds
  11 rats
85 creatures vanquished.

Notes
Turn   | Place    | Note
-------+----------+-------------------------------------------
     0 | D:1      | Goblin1989 the Demonspawn Assassin began the quest for the Orb.
     0 | D:1      | Reached XP level 1. HP: 16/16 MP: 1/1
     0 | D:1      | Upgraded the game from 0.20-a0-1043-gbd57889 to 0.20-a0-1050-g57248f3
   330 | D:1      | Gained mutation: You sometimes gain a little power by taking damage. [demonic ancestry]
   330 | D:1      | Reached XP level 2. HP: 23/23 MP: 2/2
   504 | D:1      | Reached skill level 3 in Fighting
   910 | D:1      | Gained mutation: You are immune to rotting. [demonic ancestry]
   910 | D:1      | Reached XP level 3. HP: 28/29 MP: 3/3
  1459 | D:2      | Noticed Natasha
  1467 | D:2      | Killed Natasha
  1467 | D:2      | Reached skill level 4 in Fighting
  1673 | D:2      | Gained mutation: You have a pair of small antennae on your head. [demonic ancestry]
  1673 | D:2      | Reached XP level 4. HP: 27/37 MP: 4/4
  1772 | D:2      | Noticed Natasha
  1889 | D:2      | Found a snail-covered altar of Cheibriados.
  1894 | D:2      | Became a worshipper of Cheibriados the Contemplative
  1906 | D:2      | Killed Natasha
  2167 | D:2      | Reached skill level 5 in Fighting
  2452 | D:2      | Noticed Natasha
  2459 | D:2      | Killed Natasha
  2459 | D:2      | Gained mutation: You may emit foul miasma when damaged in melee. [demonic ancestry]
  2459 | D:2      | Reached XP level 5. HP: 41/44 MP: 5/5
  2980 | D:3      | Reached skill level 1 in Armour
  3043 | D:3      | Reached * piety under Cheibriados
  3143 | D:3      | Found a sparkling altar of Nemelex Xobeh.
  3219 | D:3      | Reached skill level 1 in Axes
  3332 | D:3      | Found a faded altar of an unknown god.
  3437 | D:3      | Found a shimmering altar of Xom.
  3438 | D:3      | Found a hazy altar of Hepliaklqana.
  3438 | D:3      | Noticed a hell beast
  3439 | D:3      | Noticed a spectral ugly thing
  3439 | D:3      | Noticed a hell beast
  3690 | D:3      | Reached ** piety under Cheibriados
  3783 | D:3      | Reached XP level 6. HP: 20/51 MP: 6/6
  4013 | D:3      | Found a burning altar of Makhleb.
  4232 | D:4      | Slain by an ogre

Vault maps used:
D:1:      scummos_arrival_gate, serial_glass, glass_columns_c, glass_columns_a,
          glass_columns_c
D:2:      overflow_temple_1_default, kennysheep_decorative_pillar, uniq_natasha
D:3:      regret_index_temple_of_mockery, nemelex_xobeh_ov_fountains_minmay,
          first_bread, chequers_ecumenical_altar_simple_redux,
          makhleb_blood_cavern_becter
D:4:      okawaru_metal_pillars_1_2, uniq_robin

Skill      XL: |  1  2  3  4  5  6 |
---------------+-------------------+-----
Fighting       | 3 4 5 |  5.5
Armour         | 1 2 |  2.0
Axes           | 1 2 |  2.2
Short Blades   | |  1.7
Throwing       | |  1.7
Dodging        | |  0.8
Stealth        | |  3.6

Action                   |  1- 3 |  4- 6 || total
-------------------------+-------+-------++-------
Melee: Dagger            |   124 |    12 ||   136
       Hand axe          |       |   159 ||   159
 Fire: Blowgun           |     1 |    11 ||    12
  Use: Scroll            |       |     4 ||     4
 Stab: Sleeping          |     7 |     2 ||     9
  Eat: Chunk             |     2 |     7 ||     9
Armor: Robe              |    41 |    15 ||    56
       Ring mail         |       |    64 ||    64
Dodge: Dodged            |    51 |   122 ||   173

Vault maps used:
D:1:      scummos_arrival_gate, serial_glass, glass_columns_c, glass_columns_a,
          glass_columns_c
D:2:      overflow_temple_1_default, kennysheep_decorative_pillar, uniq_natasha
D:3:      regret_index_temple_of_mockery, nemelex_xobeh_ov_fountains_minmay,
          first_bread, chequers_ecumenical_altar_simple_redux,
          makhleb_blood_cavern_becter
D:4:      okawaru_metal_pillars_1_2, uniq_robin
